 Dungeon Crawl Stone Soup version 0.20.1-1-g8b1a95d (webtiles) character file.

14150 Andry07 the Blocker (level 12, -3/82 HPs)
             Began as a Gargoyle Fighter on Oct 4, 2017.
             Was a High Priest of Okawaru.
             Splashed by Maurice's acid (14 damage)
             ... on level 11 of the Dungeon.
             The game lasted 00:24:32 (8242 turns).

Andry07 the Blocker (Gargoyle Fighter)              Turns: 8242, Time: 00:24:33

Health: -3/82      AC: 15    Str: 25    XL:     12   Next: 13%
Magic:  12/12      EV: 10    Int: 13    God:    Okawaru [*****.]
Gold:   645        SH: 13    Dex:  9    Spells: 11/11 levels left

rFire    + + +     SeeInvis +   B - +10 broad axe of Oladd {flame, *Contam rF+ Int+4}
rCold    + . .     Gourm    .   c - +0 shield
rNeg     + . .     Faith    .   b - +0 scale mail
rPois    ∞         Spirit   .   V - +1 helmet {SInv}
rElec    +         Reflect  .   r - scarf {rC+ rF+}
rCorr    .         Harm     +   A - +0 pair of gloves
MR       .....                  q - +0 pair of boots (curse)
Stlth    ..........             I - amulet of harm
Regen    0.3/turn               k - ring of protection from fire
MPRegen  0.2/turn               v - ring of flight

@: corroded, contaminated, glowing
A: blurry vision 1, negative energy resistance 1, electricity resistance, wild
magic 1, unbreathing, petrification resistance, no potion heal 1, rot immunity,
sturdy frame 1, AC +8
a: Heroism, Finesse, Renounce Religion, Evoke Flight


You were on level 11 of the Dungeon.
You worshipped Okawaru.
Okawaru was extremely pleased with you.
You were hungry.

You visited 3 branches of the dungeon, and saw 13 of its levels.
You also visited: Ossuary.

You collected 645 gold pieces.

Inventory:

Hand Weapons
 B - the +10 broad axe of Oladd (weapon) {flame, *Contam rF+ Int+4}
   (You found it on level 4 of the Dungeon)

   It has been specially enchanted to burn those struck by it, causing extra
   injury to most foes and up to half again as much damage against particularly
   susceptible opponents.
   Big, fiery blades are also staple armaments of hydra-hunters.
   It affects your intelligence (+4).
   It protects you from fire.
   It causes magical contamination when unequipped.
Armour
 b - a +0 scale mail (worn)
 c - a +0 shield (worn)
 q - a cursed +0 pair of boots (worn)
 r - a scarf of resistance (worn)
 A - a +0 pair of gloves (worn)
 V - a +1 helmet of see invisible (worn)
Jewellery
 k - a ring of protection from fire (left hand)
 v - a ring of flight (right hand)
 F - an uncursed ring of protection from fire
 I - an amulet of harm (around neck)
 T - a +2 ring of intelligence {unknown}
Wands
 z - a wand of polymorph (7/24)
 D - a wand of digging (9/24)
 M - a wand of iceblast (8/15)
 O - a wand of paralysis (12/24)
 X - a wand of iceblast (11/15)
 Y - a wand of flame (39/48)
Scrolls
 e - 3 scrolls of random uselessness {unknown}
 h - 4 scrolls of recharging {unknown}
 j - 10 scrolls of teleportation
 m - 5 scrolls of immolation
 o - 5 scrolls of enchant armour {unknown}
 p - 3 scrolls of amnesia {unknown}
 w - 8 scrolls of remove curse
 x - a scroll of fog {unknown}
 y - 3 scrolls of noise {unknown}
 H - 5 scrolls of identify
 L - a scroll of summoning {unknown}
 N - a scroll of holy word {unknown}
 P - a scroll of magic mapping {unknown}
 R - a scroll of fear {unknown}
 U - a scroll of silence {unknown}
Potions
 d - 3 potions of might
 i - 2 potions of brilliance
 l - 5 potions of heal wounds
 s - 2 potions of magic
 t - 2 potions of degeneration
 C - 2 potions of agility
 E - 2 potions of flight
 G - 6 potions of curing
 J - a potion of lignification {unknown}
 Q - 2 potions of mutation {unknown}
 W - a potion of cancellation {unknown}
Books
 K - a book of Flames

   Spells                             Type                      Level
   a - Flame Tongue                   Conjuration/Fire             1
   b - Throw Flame                    Conjuration/Fire             2
   c - Conjure Flame                  Conjuration/Fire             3
   d - Inner Flame                    Hexes/Fire                   3
   e - Sticky Flame                   Conjuration/Fire             4
   f - Fireball                       Conjuration/Fire             5
Comestibles
 f - 5 bread rations
 g - 4 royal jellies
 n - 5 meat rations
 u - 6 fruits


   Skills:
 + Level 12.3 Fighting
   Level 2.0 Maces & Flails
 - Level 11.6 Armour
 - Level 13.1 Shields


You had 11 spell levels left.
You didn't know any spells.

Dungeon Overview and Level Annotations

Branches:
Dungeon (11/15)            Temple (1/1) D:5             Orc (1/2) D:9
   Lair: D:8-11

Altars:
Ashenzari
Cheibriados
Dithmenos
Elyvilon
Fedhas
Gozag
Hepliaklqana
Kikubaaqudgha
Makhleb
Nemelex Xobeh
Okawaru
Qazlal
Ru
Sif Muna
Trog
Uskayaw
Vehumet
Xom
Yredelemnul
Zin
The Shining One
Beogh

Shops:
D:7 *   D:10 }

Annotations:
D:11 Maurice


Innate Abilities, Weirdness & Mutations

You are resistant to torment.
Your stone body is resilient. (AC +8)
You are immune to poison.
You resist negative energy. (rN+)
You are resistant to electric shocks. (rElec)
You can survive without breathing.
You are immune to petrification.
You are immune to rotting.
Scrolls take you a little longer to read.
Your spells are a little harder to cast, but a little more powerful.
Potions are less effective at restoring your health.
Your movements are slightly less encumbered by armour. (ER -2)


Message History

Maurice mumbles some strange words.
Maurice blinks!
Maurice zaps a wand.
The bolt of acid hits you!
You are splashed with acid!
The acid burns!
* * * LOW HITPOINT WARNING * * *
You are too injured to fight recklessly!
You slash Maurice! You burn Maurice.
Maurice is heavily wounded.
Maurice looks sneaky.
You block Maurice's attack.
You slash Maurice! You burn Maurice.
Maurice is severely wounded.
Maurice mumbles some strange words.
Maurice blinks!
Maurice gestures wildly while chanting.
Maurice blinks!
Maurice zaps a wand.
The bolt of acid hits you!
* * * LOW HITPOINT WARNING * * *
The acid corrodes you!
You are splashed with acid!
The acid burns!
You die...

. .# ..##
#######....
#.<....§.
#......#
#...$..#
#......#
#..@...#
#..........
#.≈@...####
#......#
#......#
#......#
########


You could see Maurice.

Vanquished Creatures
  Josephine (D:10)
  Erica (D:10)
  2 two-headed ogres (D:10)
  Urug (D:10)
  The ghost of Andry07 the Fighter, a novice GrFi of Okawaru (D:9)
  Pikel (D:7)
  3 trolls
  2 hippogriffs
  3 wraiths (D:10)
  8 yaks (D:9)
  Eustachio (D:5)
  A hungry ghost (D:8)
  Menkaure (D:5)
  A warg (D:9)
  A water moccasin (D:10)
  Duvessa (D:5)
  A black bear (D:6)
  4 ice beasts
  9 orc warriors
  5 sky beasts
  7 ogres
  2 phantoms
  4 centaurs
  2 big kobolds (D:7)
  Blork the orc (D:5)
  5 bullfrogs
  Dowan (D:5)
  4 scorpions
  6 killer bees (D:10)
  7 wights (D:8)
  5 howler monkeys
  4 crimson imps
  3 centaur zombies
  6 jellies
  3 bullfrog zombies
  3 hounds
  7 orc priests
  2 centaur skeletons
  6 orc wizards
  2 bullfrog skeletons
  3 iguanas
  Ijyb (D:5)
  5 worker ants
  4 big kobold zombies (Ossuary)
  5 mummies
  2 hound zombies (Ossuary)
  13 gnolls
  7 adders
  3 shadow imps
  An ooze (D:2)
  An adder zombie (D:5)
  2 adder skeletons
  5 worms
  3 dart slugs
  4 leopard geckos
  51 orcs
  5 giant cockroaches
  3 goblins
  8 hobgoblins
  8 quokkas
  3 ball pythons
  11 bats
  6 frilled lizards
  2 gnoll zombies (Ossuary)
  A hobgoblin zombie (Ossuary)
  A jackal zombie (Ossuary)
  15 kobolds
  2 kobold zombies
  An orc zombie (D:8)
  A quokka skeleton (D:6)
  5 rats
  A rat zombie (Ossuary)
311 creatures vanquished.

Vanquished Creatures (others)
  A slave (D:7)
  An orc (D:7)
2 creatures vanquished.

Grand Total: 313 creatures vanquished

Notes
Turn   | Place    | Note
-------+----------+-------------------------------------------
     0 | D:1      | Andry07 the Gargoyle Fighter began the quest for the Orb.
     0 | D:1      | Reached XP level 1. HP: 14/14 MP: 1/1
   109 | D:1      | Reached XP level 2. HP: 16/20 MP: 2/2
   542 | D:1      | Reached XP level 3. HP: 23/24 MP: 3/3
   818 | D:2      | Found a hide-covered altar of Uskayaw.
   901 | D:2      | Reached skill level 5 in Fighting
  1097 | D:2      | Reached XP level 4. HP: 23/31 MP: 4/4
  1296 | D:3      | Found a snail-covered altar of Cheibriados.
  1496 | D:3      | Reached XP level 5. HP: 25/36 MP: 5/5
  2141 | D:4      | Reached XP level 6. HP: 38/44 MP: 6/6
  2183 | D:5      | Entered Level 5 of the Dungeon
  2192 | D:5      | Noticed a sky beast
  2204 | D:5      | Killed a sky beast
  2304 | D:4      | Found a shadowy altar of Dithmenos.
  2313 | D:4      | Got an iridescent broad axe
  2314 | D:4      | Identified the +10 broad axe of Oladd {flame, *Contam rF+ Int+4} (You found it on level 4 of the Dungeon)
  2345 | D:4      | Reached XP level 7. HP: 50/50 MP: 7/7
  2438 | D:4      | Found a blossoming altar of Fedhas.
  2609 | D:4      | Found an opulent altar of Gozag.
  2610 | D:4      | Found a sparkling altar of Nemelex Xobeh.
  2696 | D:5      | Found a staircase to the Ecumenical Temple.
  2705 | Temple   | Entered the Ecumenical Temple
  2710 | Temple   | Became a worshipper of Warmaster Okawaru
  2724 | D:5      | Noticed Ijyb
  2727 | D:5      | Killed Ijyb
  2753 | D:5      | Reached skill level 10 in Fighting
  2753 | D:5      | Reached XP level 8. HP: 57/57 MP: 8/8
  3026 | D:5      | Reached * piety under Okawaru
  3047 | D:5      | Noticed Dowan
  3048 | D:5      | Noticed Duvessa
  3054 | D:5      | Killed Duvessa
  3054 | D:5      | Reached skill level 4 in Shields
  3058 | D:5      | Killed Dowan
  3058 | D:5      | Reached skill level 5 in Shields
  3063 | D:5      | Gained mutation: You tend to lose your temper in combat. [mutagenic meat]
  3141 | D:5      | Noticed Eustachio
  3143 | D:5      | Reached skill level 6 in Shields
  3151 | D:5      | Killed Eustachio
  3165 | D:5      | Noticed Menkaure
  3171 | D:5      | Killed Menkaure
  3171 | D:5      | Reached ** piety under Okawaru
  3171 | D:5      | Reached skill level 7 in Shields
  3172 | D:5      | Reached XP level 9. HP: 40/63 MP: 9/9
  3207 | D:5      | Reached skill level 8 in Shields
  3240 | D:5      | Noticed Blork the orc
  3246 | D:5      | Killed Blork the orc
  3804 | D:6      | Got a wizard robe
  3815 | D:6      | Identified the +1 robe of Amemami {Str+4 Dex-3} (You found it on level 6 of the Dungeon)
  3860 | D:6      | Reached skill level 9 in Shields
  4017 | D:6      | Gained mutation: Potions are less effective at restoring your health. [mutagenic meat]
  4018 | D:6      | Gained mutation: You are robust. (+10% HP) [mutagenic meat]
  4019 | D:6      | Lost mutation: You tend to lose your temper in combat. [mutagenic meat]
  4020 | D:6      | Lost mutation: You are robust. (+10% HP) [mutagenic meat]
  4204 | D:6      | Reached skill level 10 in Shields
  4224 | D:6      | Reached *** piety under Okawaru
  4686 | D:7      | Reached skill level 11 in Shields
  4778 | D:7      | Reached XP level 10. HP: 58/68 MP: 10/10
  4856 | D:7      | Found Vaytotreng's Assorted Antiques.
  4998 | D:7      | Noticed Pikel
  5008 | D:7      | Killed Pikel
  5008 | D:7      | Reached skill level 12 in Shields
  5255 | D:8      | Gained mutation: You tend to lose your temper in combat. [mutagenic meat]
  5256 | D:8      | Gained mutation: Your spells are a little harder to cast, but a little more powerful. [mutagenic meat]
  5257 | D:8      | Gained mutation: Scrolls take you a little longer to read. [mutagenic meat]
  5258 | D:8      | Gained mutation: You are partially covered in iridescent scales. (AC +2) [mutagenic meat]
  5259 | D:8      | Gained mutation: Your movements are slightly less encumbered by armour. (ER -2) [mutagenic meat]
  5309 | D:8      | Reached **** piety under Okawaru
  5385 | D:8      | Reached skill level 13 in Shields
  5564 | D:8      | Found a sand-covered staircase.
  5568 | Ossuary  | Entered an ossuary
  5947 | D:9      | Reached skill level 5 in Armour
  5952 | D:9      | Reached ***** piety under Okawaru
  6134 | D:9      | Reached XP level 11. HP: 29/73 MP: 11/11
  6335 | D:9      | Found a roughly hewn altar of Beogh.
  6337 | D:9      | Found a staircase to the Orcish Mines.
  6363 | Orc:1    | Entered Level 1 of the Orcish Mines
  6479 | Orc:1    | Noticed an orc warlord
  6547 | D:9      | Noticed Andry07's ghost (novice GrFi)
  6560 | D:9      | Killed Andry07's ghost
  6712 | D:9      | Received a gift from Okawaru
  7041 | D:9      | Reached skill level 10 in Armour
  7293 | D:10     | Entered Level 10 of the Dungeon
  7357 | D:10     | Lost mutation: You tend to lose your temper in combat. [mutagenic meat]
  7358 | D:10     | Lost mutation: You are partially covered in iridescent scales. (AC +2) [mutagenic meat]
  7404 | D:10     | Noticed Josephine
  7414 | D:10     | Killed Josephine
  7647 | D:10     | Found Zuomyclo's Gadget Boutique.
  7840 | D:10     | Noticed a two-headed ogre
  7846 | D:10     | Killed a two-headed ogre
  7892 | D:10     | Noticed Urug
  7901 | D:10     | Killed Urug
  7901 | D:10     | Reached XP level 12. HP: 61/80 MP: 12/12
  7951 | D:10     | Noticed a two-headed ogre
  7956 | D:10     | Killed a two-headed ogre
  8159 | D:11     | Noticed Erica
  8159 | D:11     | Noticed Maurice
  8176 | D:10     | Killed Erica
  8176 | D:10     | Received a gift from Okawaru
  8179 | D:10     | Got a twisted scimitar {god gift}
  8180 | D:10     | Identified the +2 scimitar "Geptoxko" {antimagic, +Rage rC+ rN+ Int-2} (Okawaru gifted it to you on level 10 of the Dungeon)
  8242 | D:11     | Splashed by Maurice's acid

Skill      XL: |  1  2  3  4  5  6  7  8  9 10 11 12 |
---------------+-------------------------------------+-----
Fighting       | 4 5 6 7 8 10 11 12 | 12.3
Shields        | 7 11 13 | 13.1
Armour         | 7 11 | 11.6
Maces & Flails | |  2.0

Action                   |  1- 3 |  4- 6 |  7- 9 | 10-12 || total
-------------------------+-------+-------+-------+-------++-------
Melee: Flail             |   155 |   198 |       |       ||   353
       Broad axe         |       |     2 |   146 |   325 ||   473
  Use: Scroll            |       |       |    10 |       ||    10
  Eat: Chunk             |     1 |     5 |    13 |    20 ||    39
Armor: Scale mail        |   115 |   104 |    77 |   174 ||   470
Dodge: Dodged            |    61 |    51 |    47 |   154 ||   313
Block: Shield            |   105 |    96 |    87 |   255 ||   543
